 Dungeon Crawl Stone Soup version 0.25-a0-576-g50b708a4c4 (webtiles) character file.

Game seed: 17326672972353578059, levelgen mode: deterministic

2615 Kohma the Grappler (level 9, 0/114 HPs)
             Began as a Troll Hunter on Feb 29, 2020.
             Was a Follower of Elyvilon.
             Slain by an orc
             ... wielding a +0 trident
              (9 damage)
             ... on level 8 of the Dungeon on Mar 1, 2020.
             The game lasted 00:12:14 (3383 turns).

Kohma the Grappler (Troll Hunter)                   Turns: 3383, Time: 00:12:15

Health: 0/114      AC:  6    Str: 22    XL:     9   Next: 34%
Magic:  11/11      EV: 12    Int:  7    God:    Elyvilon [*.....]
Gold:   282        SH:  0    Dex: 13    Spells: 8/8 levels left

rFire    . . .     SeeInvis .     - Unarmed
rCold    + . .     Gourm    +   (no shield)
rNeg     . . .     Faith    .   b - +0 robe
rPois    +         Spirit   .   i - +0 hat
rElec    .         Reflect  .   y - scarf {cloud immunity}
rCorr    .         Harm     .   (gloves unavailable)
MR       .....                  (boots unavailable)
Stlth    ..........             (no amulet)
HPRegen  0.69/turn              h - ring of poison resistance
MPRegen  0.12/turn              k - ring of protection from cold

@: berserking, very quick
A: large, unfitting armour, claws 3, fast metabolism 3, gourmand, regeneration
1, shaggy fur 1, tough skin 3
a: Lesser Healing, Divine Protection, Renounce Religion


You were on level 8 of the Dungeon.
You worshipped Elyvilon.
Elyvilon was aware of your devotion.
You were completely stuffed.

You visited 2 branches of the dungeon, and saw 7 of its levels.
You also visited: Sewer.

You collected 282 gold pieces.

Inventory:

Hand Weapons
 D - a +0 giant spiked club
Missiles
 c - a large rock (quivered)
 d - 2 throwing nets
Armour
 b - a +0 robe (worn)
 i - a +0 hat (worn)
 y - a scarf of cloud immunity (worn)
Jewellery
 h - a ring of poison resistance (left claw)
 k - a ring of protection from cold (right claw)
 o - an uncursed ring of positive energy
 v - an uncursed ring of see invisible
 C - an uncursed ring of flight
Wands
 e - a wand of polymorph (6)
 g - a wand of flame (10)
 G - a wand of iceblast (8)
Scrolls
 a - 2 scrolls of blinking
 q - a scroll of teleportation
 s - a scroll of remove curse
 t - 2 scrolls of fog
 A - 2 scrolls of vulnerability
 B - a scroll of fear
Potions
 j - 4 potions of heal wounds
 l - a potion of berserk rage
 m - a potion of invisibility {unknown}
 n - 3 potions of flight
 p - a potion of resistance {unknown}
 r - a potion of brilliance {unknown}
 u - 2 potions of curing
 w - a potion of lignification {unknown}
 x - a potion of might {unknown}
 z - 2 potions of mutation {unknown}
 F - a potion of stabbing {unknown}
Comestibles
 f - 13 rations
 E - 7 chunks of flesh


   Skills:
 - Level 1.5 Fighting
 - Level 3.6 Throwing
 - Level 5.0 Dodging
 - Level 0.3 Stealth
 * Level 9.9 Unarmed Combat
 + Level 4.9 Invocations


You had 8 spell levels left.
You didn't know any spells.
Your spell library contained the following spells:

 Spells                   Type           Power        Failure   Level  Hunger
 Magic Dart               Conj           #...         43%         1    ##.....
 Blink                    Tloc           N/A          56%         2    ###....
 Call Imp                 Summ           #.......     56%         2    ###....
 Slow                     Hex            #.......     56%         2    ###....
 Conjure Flame            Conj/Fire      #.......     80%         3    ####...
 Mephitic Cloud           Conj/Pois/Air  #.......     80%         3    ####...


Dungeon Overview and Level Annotations

Branches:
Dungeon (8/15)             Temple (1/1) D:7           Sewer (visited)
   Lair: D:8-11

Altars:
Ashenzari
Cheibriados
Dithmenos
Elyvilon
Fedhas
Gozag
Hepliaklqana
Makhleb
Nemelex Xobeh
Qazlal
Ru
Sif Muna
Trog
Uskayaw
Vehumet
Wu Jian
Yredelemnul
Zin
The Shining One

Shops:
D:8 (

Annotations:
D:4 3 runed translucent doors, Beaer's ghost, amateur DrTm; leszekd25's ghost, amateur GrIE


Innate Abilities, Weirdness & Mutations

You are too large for most types of armour.
You have claws for hands.
Your metabolism is lightning-fast.
You like to eat raw meat.
Your natural rate of healing is unusually fast.
You are covered in fur. (AC +1)
You have extremely tough skin. (AC +3)


Message History

You feel much better. Something hits you.
* * * LOW HITPOINT WARNING * * *
The orc hits you but does no damage. Something hits you.
* * * LOW HITPOINT WARNING * * *
The ogre hits you with a +0 giant club!
* * * LOW HITPOINT WARNING * * *
A red film seems to cover your vision as you go berserk!
You feel yourself moving faster!
You feel mighty! Something hits you but does no damage.
The orc barely misses you.
You mangle the ogre!!
The ogre is almost dead.
Something hits you but does no damage. The ogre barely misses you.
The orc barely misses you.
You mangle the ogre!!
You kill the ogre!
The howler monkey zombie hits you.
* * * LOW HITPOINT WARNING * * *
Something hits you but does no damage.
The orc hits you from afar with a +0 trident!
You die...

...... .(.... .
######....
..#........#
...........# .
#........# ..
..#.....Zo.# ..
).....o@)# #.###.#
.......#.##........
######
#......#..##..#....
.....##.
#.............#....
.......
...................
.....#
......###..#.......
.....#
.........#.#..## .#
.....#
...........†..# ..
.....#
#.####....#...##.###


You could see 2 orcs and a howler monkey zombie.

Vanquished Creatures
  Pikel (D:7)
  Grinder (D:2)
  An ice beast (D:8)
  A black bear (D:8)
  2 ogres (D:8)
  A necrophage (D:8)
  A big kobold (Sewer)
  3 bullfrogs (D:8)
  A wyvern skeleton (D:8)
  5 wights (D:8)
  2 howler monkeys (D:8)
  A bullfrog zombie (D:8)
  3 crimson imps
  A centaur skeleton (D:7)
  2 hounds (D:7)
  3 centaur zombies
  An orc priest (D:3)
  2 orc wizards (D:8)
  2 worker ants
  A hound skeleton (D:7)
  4 adders
  4 river rats (D:4)
  An adder skeleton (D:4)
  3 worms
  A dart slug (D:3)
  8 leopard geckos
  8 orcs (D:3)
  A ball python (D:8)
  3 bats (D:2)
  5 giant cockroaches
  4 goblins
  3 hobgoblins
  13 jackals
  7 kobolds
  A quokka (D:7)
  A frilled lizard (D:4)
  A leopard gecko skeleton (D:4)
  5 rats
108 creatures vanquished.

Vanquished Creatures (others)
  A slave (D:7)
  A withered plant (D:4)
2 creatures vanquished.

Grand Total: 110 creatures vanquished

Notes
Turn   | Place    | Note
-------+----------+-------------------------------------------
     0 | D:1      | Kohma the Troll Hunter began the quest for the Orb.
     0 | D:1      | Reached XP level 1. HP: 19/19 MP: 0/0
    68 | D:1      | Upgraded the game from 0.25-a0-571-gb5e01bddfa to
                  | 0.25-a0-576-g50b708a4c4
   144 | D:1      | Reached skill level 1 in Unarmed Combat
   255 | D:1      | Reached XP level 2. HP: 27/27 MP: 1/1
   486 | D:2      | Reached skill level 2 in Unarmed Combat
   522 | D:2      | Reached XP level 3. HP: 33/33 MP: 2/2
   958 | D:3      | Noticed Grinder
   980 | D:2      | Paralysed by Grinder for 4 turns
   988 | D:2      | Paralysed by Grinder for 4 turns
   997 | D:2      | Killed Grinder
   997 | D:2      | Reached skill level 4 in Unarmed Combat
   997 | D:2      | Reached XP level 4. HP: 8/41 MP: 3/3
   997 | D:2      | Reached XP level 5. HP: 9/48 MP: 4/4
  1136 | D:3      | Reached XP level 6. HP: 55/55 MP: 5/5
  1165 | D:3      | Reached skill level 5 in Unarmed Combat
  1800 | D:4      | Found a runed translucent gate.
  1800 | D:4      | Found a runed translucent gate.
  1800 | D:4      | Found a runed translucent gate.
  1805 | D:4      | Noticed Beaer's ghost (amateur DrTm)
  1805 | D:4      | Noticed leszekd25's ghost (amateur GrIE)
  1885 | D:4      | Found a glowing drain.
  1889 | Sewer    | Entered a sewer
  1950 | Sewer    | Found a glowing silver altar of Zin.
  2240 | D:4      | Found a basalt altar of Yredelemnul.
  2311 | D:4      | You fall into a shaft and drop 3 floors!
  2436 | D:7      | Found a staircase to the Ecumenical Temple.
  2438 | D:7      | Reached XP level 7. HP: 62/62 MP: 6/6
  2442 | D:7      | Reached skill level 6 in Unarmed Combat
  2451 | Temple   | Entered the Ecumenical Temple
  2546 | Temple   | Became a worshipper of Elyvilon the Healer
  2758 | D:7      | Noticed Pikel
  2772 | D:7      | Killed Pikel
  2772 | D:7      | Reached skill level 7 in Unarmed Combat
  2772 | D:7      | Reached XP level 8. HP: 58/70 MP: 6/8
  2877 | D:7      | Reached skill level 8 in Unarmed Combat
  2981 | D:8      | Found Cawnim's Weapon Boutique.
  3018 | D:8      | Reached skill level 5 in Dodging
  3035 | D:8      | Reached * piety under Elyvilon
  3079 | D:8      | Reached skill level 9 in Unarmed Combat
  3083 | D:8      | Reached XP level 9. HP: 40/75 MP: 9/11
  3378 | D:8      | HP: 1/75 [ogre/+0 giant club (15)]
  3383 | D:8      | Slain by an orc

Levels and vault maps discovered:
D:1:      heliophobic_arrival_enchanted_forest, layout_rooms, interstate_on_off
D:2:      layout_loops_ring, first_ration
D:3:      layout_rooms, uniq_grinder
D:4:      layout_basic, yredelemnul_altar_generic, gup_sewer_entry_spiral,
          gammafunk_ghost_cemetery
D:7:      layout_rooms, minmay_temple_entry_junction, uniq_pikel
D:8:      layout_basic, serial_shops, shop
Temple:   compressed_dpeg_circular_temple

Skill      XL: |  1  2  3  4  5  6  7  8 |
---------------+-------------------------+-----
Unarmed Combat | 1 2 4 5 7 9 |  9.9
Dodging        | 2 3 4 5 |  5.0
Invocations    | 2 4 |  4.9
Fighting       | |  1.5
Throwing       | |  3.6
Stealth        | |  0.3

Action                   |  1- 3 |  4- 6 |  7- 9 || total
-------------------------+-------+-------+-------++-------
Melee: Unarmed           |    76 |   112 |   134 ||   322
       Punch             |       |     2 |     6 ||     8
Throw: Large rock        |     1 |       |     4 ||     5
  Use: Potion            |     1 |       |     2 ||     3
       Scroll            |       |    11 |     2 ||    13
 Stab: Sleeping          |     1 |     5 |       ||     6
  Eat: Chunk             |    12 |    14 |    11 ||    37
Armor: Robe              |    32 |    36 |    49 ||   117
Dodge: Dodged            |    46 |    58 |    92 ||   196

Table legend:
 A = Non-vault XP
 B = Vault XP
 C = Vault XP percentage of total XP
 D = Non-vault monster count
 E = Vault monster count
 F = Vault count percentage of total count
                 A         B        C        D         E       F
            +---------+---------+-------+---------+---------+-------
      Total |    2614 |    1122 |  30.0 |      89 |      19 |  17.6
            +---------+---------+-------+---------+---------+-------
        D:1 |      15 |       0 |   0.0 |       8 |       0 |   0.0
        D:2 |      44 |     304 |  87.4 |      14 |       1 |   6.7
        D:3 |     100 |       0 |   0.0 |      20 |       0 |   0.0
        D:4 |      26 |      65 |  71.4 |       7 |       8 |  53.3
        D:7 |     784 |     651 |  45.4 |      15 |       1 |   6.2
        D:8 |    1645 |       0 |   0.0 |      25 |       0 |   0.0
      Sewer |       0 |     102 | 100.0 |       0 |       9 | 100.0
            +---------+---------+-------+---------+---------+-------
